cohdb
Replays
Latest Replays
All Replays
Popular Replays
Top Player Replays
Match Explorer
How It Works
Community
CoH3 Stats
Reddit
Sign in to upload your games and track your stats! →
Sign in with Steam
Match 28855277
Unlisted
Match 28855277
Overview
Messages
Build Orders
End
Construct Barracks
Selects Airborne Battlegroup
Selects Pathfinders
Pathfinder Squad
Riflemen Squad
Engineer Squad
Grenade Package
Air Support Center
Selects Smoke Bombing Run
Selects Paratrooper Squad Paradrop
Construct Medical Station
Construct Motor Pool
Paratrooper Squad Paradrop
M8 Greyhound Armored Car
Selects Supply Drop
Air Supply
Air Supremacy
Supply Drop
P-47 Dive Bomb
Construct Tank Depot
Selects Dual P-47 Rocket Strike
M1 Anti-tank Gun Team
P-47 Strafing Run
M1 Anti-tank Gun Team
M4(105) Sherman Bulldozer
Dual P-47 Rocket Strike
M4A1 Sherman Medium Tank
M18 Hellcat Tank Destroyer
Dual P-47 Rocket Strike
M4(105) Sherman Bulldozer
Sauzer88
Enfelon
Toetmined
Mr.Faraam
0
0
Comments
sign in to comment!
No comments posted yet!